 Dungeon Crawl Stone Soup version 0.31-a0-188-g5e087ee2ca (webtiles) character file.

Game seed: 7343742670333167663

143 qw the Skirmisher (level 5, -2/29 HPs)
             Began as a Deep Elf Hunter on June 23, 2023.
             Slain by Sigmund
             ... wielding a +0 scythe
              (6 damage)
             ... on level 3 of the Dungeon.
             The game lasted 00:01:04 (2040 turns).

qw the Skirmisher (Deep Elf Hunter)                 Turns: 2040, Time: 00:01:05

Health: -2/29      AC:  6    Str:  7 (8)  XL:     5   Next: 4%
Magic:  7/7        EV:  8    Int: 12 (14) God:
Gold:   184        SH:  0    Dex: 18      Spells: 4/4 levels left

rFire   . . .        Y - +0 shortbow
rCold   . . .        (shield currently unavailable)
rNeg    . . .        j - +0 scale mail
rPois   .            (no helmet)
rElec   .            (no cloak)
rCorr   .            (no gloves)
SInv    .            (no boots)
Will    .....        (no amulet)
Stlth   +            (no ring)
HPRegen 0.24/turn    (no ring)
MPRegen 0.10/turn

%: no passive effects
@: no status effects
A: weak 1
a: no special abilities


You were on level 3 of the Dungeon.
You visited 1 branch of the dungeon, and saw 3 of its levels.

You collected 184 gold pieces.


Innate Abilities, Weirdness & Mutations

You are weak. (Str -2)


   Skills:
 - Level 1.5 Fighting
 + Level 8.4 Ranged Weapons
 - Level 2.4 Dodging
 - Level 1.2 Stealth


You had 4 spell levels left.
You didn't know any spells.
Your spell library was empty.

Inventory:

Hand Weapons
 Y - a +0 shortbow (weapon)
Armour
 j - a +0 scale mail (worn)
Scrolls
 f - 2 scrolls of identify
Potions
 a - a potion of cancellation {unknown}
 c - 2 potions of invisibility {unknown}
 e - a potion of brilliance {unknown}
 g - a potion of resistance
 i - a potion of mutation
 k - a potion of enlightenment

Dungeon Overview and Level Annotations

Branches:
Dungeon (3/15)

Altars:
Kikubaaqudgha

Portals:
Abyss: D:3

Annotations:
D:3 2 transporters, Sigmund; qw's ghost, amateur DEHu


Message History

You feel sick. Sigmund barely misses you.
You shoot an arrow. The arrow hits Sigmund!
Sigmund is moderately wounded.
You feel sick.
Sigmund says, "You will soon forget everything."
Sigmund hits you with a +0 scythe.
You shoot an arrow. The arrow closely misses Sigmund.
You feel sick. Sigmund hits you with a +0 scythe!
2031 ||| DRINKING potion of heal wounds.
You feel much better.
You feel sick.
You are no longer poisoned.
Sigmund hits you with a +0 scythe!
You shoot an arrow. The arrow hits Sigmund.
Sigmund is moderately wounded.
Sigmund hits you with a +0 scythe.
You shoot an arrow. The arrow barely misses Sigmund.
You hear a shout!
Sigmund points at you and mumbles some strange words.
The magic dart hits you.
You shoot an arrow. The arrow hits Sigmund!
Sigmund is severely wounded.
Sigmund barely misses you.
You shoot an arrow. The arrow hits Sigmund.
Sigmund is severely wounded.
Sigmund casts a spell at you.
You are confused.
Sigmund hits you with a +0 scythe.
Sigmund casts a spell.
Sigmund flickers and vanishes!
Deactivating autopickup; reactivate with Ctrl-A.
You shoot an arrow. Something hits you.
You shoot an arrow.
You feel less confused.
You hear some strange, mumbled words.
A magic dart appears from out of thin air!
The magic dart hits you but does no damage.
Something hits you.
You die...

#.#####.##.#
#.######
#.##.#
#.######
#.##.#
#.......
#.##.#
########
##.##.# #
#..##.# #
#)###.# #
##)###.# #
#.###@#.##.#
#
#...{###.%.#
#
#####.#.####
# #@..# #
#...# #
#.....# .
#..#.#o..#
#.####%.¤#
#. .¤¤#


There were no monsters in sight!

Vanquished Creatures
  Ijyb (D:3)
  An orc wizard (D:3)
  3 adders
  2 dart slugs
  An orc (D:3)
  5 endoplasms
  2 giant cockroaches (D:1)
  4 goblins
  3 hobgoblins
  9 jackals
  7 kobolds
  2 quokkas
  5 ball pythons
  7 bats
  6 frilled lizards
  3 rats
61 creatures vanquished.

Notes
Turn   | Place    | Note
-------+----------+-------------------------------------------
     0 | D:1      | qw the Deep Elf Hunter began the quest for the Orb.
     0 | D:1      | Reached XP level 1. HP: 12/12 MP: 3/3
     0 | D:1      | 0 ||| qw: Version: 0.3-a-9-g12657ce
     0 | D:1      | 0 ||| qw: Game counter: 3759
     0 | D:1      | 0 ||| qw: Always use a shield: true
     0 | D:1      | 0 ||| qw: God list: Okawaru
     0 | D:1      | 0 ||| qw: Allow faded altars: false
     0 | D:1      | 0 ||| qw: Do Orc after D:15 true
     0 | D:1      | 0 ||| qw: Do second Lair branch before Depths: true
     0 | D:1      | 0 ||| qw: Lair rune preference: random
     0 | D:1      | 0 ||| qw: Plans: Normal
     0 | D:1      | 0 ||| PLANNING D:1-11
    31 | D:1      | 31 ||| FLEEEEING.
    32 | D:1      | 32 ||| FLEEEEING.
    58 | D:1      | Reached skill level 6 in Ranged Weapons
    58 | D:1      | Reached XP level 2. HP: 16/16 MP: 4/4
   357 | D:1      | Found a faded altar of an unknown god.
   631 | D:1      | 631 ||| UPGRADING to +0 scale mail.
   641 | D:1      | 641 ||| DROPPING +0 leather armour.
   642 | D:1      | 642 ||| DROPPING +6 ring of intelligence.
   643 | D:1      | 643 ||| READING scroll labelled OTTITU XOIWUPH.
   644 | D:1      | 644 ||| READING 3 scrolls labelled ADIS CAN ZYN.
   645 | D:1      | 645 ||| READING scroll labelled ODANKI JAUBE.
   646 | D:1      | 646 ||| DRINKING 2 silvery potions.
   647 | D:1      | 647 ||| DRINKING 2 fuming purple potions.
   647 | D:1      | Gained mutation: You are weak. (Str -2) [potion of
                  | mutation]
   647 | D:1      | Gained mutation: You are clumsy. (Dex -2) [potion of
                  | mutation]
   647 | D:1      | Lost mutation: You are clumsy. (Dex -2) [potion of
                  | mutation]
   648 | D:1      | 648 ||| DRINKING 2 inky potions.
   649 | D:1      | 649 ||| DRINKING 2 brown potions.
   650 | D:1      | 650 ||| READING 2 scrolls of identify.
   650 | D:1      | 650 ||| IDENTIFYING black potion
   651 | D:1      | 651 ||| DROPPING scroll of butterflies.
   652 | D:1      | 652 ||| DROPPING potion of degeneration.
   654 | D:1      | 654 ||| Stepping ~*~*~tactically~*~*~ (cloud).
   752 | D:2      | Reached XP level 3. HP: 18/20 MP: 5/5
   769 | D:2      | 769 ||| FLEEEEING.
   776 | D:2      | 776 ||| STAIRDANCE
   791 | D:2      | 791 ||| FLEEEEING.
   792 | D:2      | 792 ||| STAIRDANCE
   803 | D:2      | 803 ||| STAIRDANCE
   816 | D:2      | 816 ||| STAIRDANCE
   840 | D:2      | 840 ||| STAIRDANCE
  1000 | D:2      | Reached skill level 7 in Ranged Weapons
  1130 | D:2      | 1130 ||| FLEEEEING.
  1131 | D:2      | 1131 ||| FLEEEEING.
  1345 | D:2      | Reached XP level 4. HP: 24/25 MP: 6/6
  1606 | D:2      | 1606 ||| READING 4 scrolls of identify.
  1606 | D:2      | 1606 ||| IDENTIFYING yellow potion
  1607 | D:2      | 1607 ||| READING 3 scrolls of identify.
  1607 | D:2      | 1607 ||| IDENTIFYING glowing inky potion
  1608 | D:2      | 1608 ||| DROPPING potion of magic.
  1629 | D:3      | Found an ancient bone altar of Kikubaaqudgha.
  1641 | D:3      | Noticed Ijyb
  1648 | D:3      | Killed Ijyb
  1653 | D:3      | 1653 ||| FLEEEEING.
  1654 | D:3      | 1654 ||| FLEEEEING.
  1801 | D:3      | Found a one-way gate to the infinite horrors of the Abyss.
  1801 | D:3      | Noticed qw's ghost (amateur DEHu)
  1805 | D:3      | Found a transporter.
  1824 | D:3      | Found a transporter.
  1850 | D:3      | Reached skill level 8 in Ranged Weapons
  1946 | D:3      | 1946 ||| FLEEEEING.
  1947 | D:3      | 1947 ||| FLEEEEING.
  1960 | D:3      | 1960 ||| DRINKING potion of curing.
  1960 | D:3      | 1960 ||| (to cure confusion)
  1969 | D:3      | Reached XP level 5. HP: 17/29 MP: 7/7
  2019 | D:3      | Noticed Sigmund
  2026 | D:3      | 2026 ||| Stepping ~*~*~tactically~*~*~ (outnumbered).
  2030 | D:3      | HP: 2/29 [Sigmund/+0 scythe (9)]
  2031 | D:3      | 2031 ||| DRINKING potion of heal wounds.
  2039 | D:3      | HP: 4/29 [something (5)]
  2040 | D:3      | Slain by Sigmund

Levels and vault maps discovered:
D:1:      minmay_arrival_solitary_statue, layout_basic,
          shapermc_ecumenical_altar_ellora
D:2:      layout_basic, dreamdust_princess_corridor
D:3:      layout_loops_ring, kiku_gazebo_garden_becter,
          nicolae_dithmenos_the_darkroom, gammafunk_ghost_abyssal_escape,
          minmay_between, uniq_sigmund, uniq_ijyb

Skill      XL: |  1  2  3  4 |
---------------+-------------+-----
Ranged Weapons | 6 7 8 |  8.4
Fighting       | |  1.5
Dodging        | |  2.4
Stealth        | |  1.2

Action                     |  1- 3 |  4- 6 || total
---------------------------+-------+-------++-------
   Fire: Shortbow          |   126 |    73 ||   199
    Use: Scroll            |     4 |     2 ||     6
         Potion            |     4 |     2 ||     6
 Armour: Leather armour    |     4 |       ||     4
         Scale mail        |    26 |    20 ||    46
  Dodge: Dodged            |    28 |    19 ||    47

Table legend:
 A = Non-vault XP
 B = Vault XP
 C = Vault XP percentage of total XP
 D = Non-vault monster count
 E = Vault monster count
 F = Vault count percentage of total count
                 A         B        C        D         E       F
            +---------+---------+-------+---------+---------+-------
      Total |     167 |      38 |  18.5 |      58 |       3 |   4.9
            +---------+---------+-------+---------+---------+-------
        D:1 |      34 |       0 |   0.0 |      22 |       0 |   0.0
        D:2 |      69 |       0 |   0.0 |      25 |       0 |   0.0
        D:3 |      64 |      38 |  37.3 |      11 |       3 |  21.4
            +---------+---------+-------+---------+---------+-------
